 Dungeon Crawl Stone Soup version 0.14-a0-3134-g2c86dbf (webtiles) character file.

3196 Duskembrace the Thaumaturge (level 9, 0/39 HPs)
             Began as a Spriggan Enchanter on Mar 8, 2014.
             Was an Initiate of Okawaru.
             Slain by a crocodile (20 damage)
             ... on Level 7 of the Dungeon.
             The game lasted 00:45:41 (10666 turns).

Duskembrace the Thaumaturge (Spriggan Enchanter)   Turns: 10666, Time: 00:45:41

HP   0/39        AC  4     Str  7      XL: 9   Next: 52%
MP  30/30        EV 20     Int 17      God: Okawaru [......]
Gold 226         SH  0     Dex 16      Spells:  5 memorised, 14 levels left

rFire  + . .     SeeInvis +     o - +0,+2 dagger (venom)
rCold  + . .     Clarity  .     L - +0 robe {rF+}
rNeg   . . .     Conserve .     (shield restricted)
rPois  .         rCorr    .     M - +1 hat
rElec  .         rRot     .     p - +0 cloak
SustAb . .       Spirit   .     (gloves unavailable)
rMut   .         Warding  .     (boots unavailable)
Saprov . . .     Stasis   +     T - amulet of stasis
MR     +....                    (no ring)
                                u - ring of protection from cold

@: very quick, somewhat resistant to hostile enchantments, very stealthy
A: unfitting armour, see invisible, herbivore 3, speed 3, slow metabolism 2
a: Renounce Religion


You were on level 7 of the Dungeon.
You worshipped Okawaru.
Okawaru was noncommittal.
You were not hungry.

You visited 2 branches of the dungeon, and saw 8 of its levels.

You collected 459 gold pieces.
You spent 233 gold pieces at shops.

Inventory:

Hand weapons
 f - a +0,+2 short sword of holy wrath
 j - a +2,+1 dagger of speed
 o - a +0,+2 dagger of venom (weapon)
 C - a +1 blowgun
 F - a +1,+1 dagger of protection
 O - a +0,+0 cutlass
Missiles
 d - 12 darts (quivered)
 y - 7 needles of frenzy
 D - 9 poisoned needles
Armour
 p - a +0 cloak (worn)
 L - a +0 robe of fire resistance (worn)
 M - a +1 hat (worn)
Magical devices
 r - a wand of slowing (21) {unknown}
 H - a wand of magic darts (10) {unknown}
Comestibles
 m - 3 bread rations
 w - 3 chokos
 S - a cheese
Scrolls
 b - a scroll of blinking
 h - a scroll of fog
 l - 3 scrolls of teleportation
 q - a scroll of enchant armour {unknown}
 x - a scroll of remove curse
 E - 3 scrolls of identify {unknown}
 I - 2 scrolls of magic mapping {unknown}
 K - 3 scrolls of amnesia {unknown}
 P - 2 scrolls of immolation {unknown}
 U - a scroll of acquirement {unknown}
Jewellery
 u - a ring of protection from cold (left hand)
 v - an uncursed ring of ice
 R - an uncursed amulet of rage
 T - an amulet of stasis (around neck)
Potions
 a - a potion of speed
 e - a potion of porridge
 g - a potion of heal wounds {unknown}
 i - a potion of flight {unknown}
 k - a potion of mutation {unknown}
 n - 4 potions of brilliance {unknown}
 s - a potion of beneficial mutation {unknown}
 t - a potion of lignification {unknown}
 z - a potion of agility {unknown}
 A - a potion of degeneration {unknown}
 B - a potion of cure mutation {unknown}
 G - a potion of restore abilities {unknown}
 J - a potion of poison {unknown}
 N - 3 potions of curing
Books
 c - a book of Maledictions

   Spells                             Type                      Level
   *Corona                            Hexes                        1
   *Sure Blade                        Hexes/Charms                 2
   *Ensorcelled Hibernation           Hexes/Ice                    2
   *Confuse                           Hexes                        3
   Enslavement                        Hexes                        4
   *Invisibility                      Hexes                        6
 Q - a book of Flames

   Spells                             Type                      Level
   Flame Tongue                       Conjuration/Fire             1
   Throw Flame                        Conjuration/Fire             2
   Conjure Flame                      Conjuration/Fire             3
   Inner Flame                        Hexes/Fire                   3
   Sticky Flame                       Conjuration/Fire             4
   Fireball                           Conjuration/Fire             5


   Skills:
 - Level 1.1 Short Blades
 - Level 1.1 Throwing
 + Level 5.5 Dodging
 - Level 8.3 Stealth
 - Level 10.4 Spellcasting
 - Level 10.4 Hexes
 - Level 0.4 Ice Magic


You had 14 spell levels left.
You knew the following spells:

 Your Spells              Type           Power        Failure   Level  Hunger
a - Corona                Hex            #####..      1%          1    None
b - Ensorcelled Hibernat  Hex/Ice        ####..       1%          2    None
c - Confuse               Hex            #####...     1%          3    None
d - Sure Blade            Hex/Chrm       ####......   1%          2    None
e - Invisibility          Hex            #####...     17%         6    ######.


Dungeon Overview and Level Annotations

Branches:
Dungeon (7/16)             Temple (1/1) D:7

Altars:
Ashenzari
Cheibriados
Dithmenos
Elyvilon
Kikubaaqudgha
Nemelex Xobeh
Okawaru
Sif Muna
Trog
Vehumet
Xom
Zin
The Shining One

Shops:
D:6 [   D:7 [}}

Annotations:
D:7 Tabbeli's ghost, experienced DsGl


Innate Abilities, Weirdness & Mutations

You are tiny and cannot use many weapons and most armour.
You have supernaturally acute eyesight.
You are a herbivore.
You cover ground extremely quickly.
You need consume almost no food.


Message History

It begins to drip with poison!
o - a +0,+2 dagger of venom (weapon)
The crocodile misses you.
You hit the crocodile.
The crocodile is almost dead.
The crocodile barely misses you.
You hit the crocodile.
The crocodile is almost dead.
The crocodile misses you.
You barely miss the crocodile.
The crocodile is almost dead.
The crocodile closely misses you.
You closely miss the crocodile.
The crocodile is almost dead.
The crocodile barely misses you.
You hit the crocodile.
The crocodile is almost dead.
The crocodile bites you!
Ouch! That really hurt!
You die...

. ###.##. # ...+.#.
.. ...#.. .. ..#.. ..
#.#8 . . #..###+###
#... #.%t....... #...
#.@..# #... #####
#.#### . #... #...#
#.# .
#...####.∩.###.# #
#..............#
#..............#
#.....########.....
#.....#......#......
#.....#......#.......


You could see a crocodile.

Vanquished Creatures
  Pikel (D:7)
  A wraith (D:7)
  Eustachio (D:5)
  Edmund (D:5)
  3 slaves (D:7)
  An orc warrior (D:5)
  An ice beast (D:6)
  Duvessa (D:6)
  5 big kobolds (D:3)
  Blork the orc (D:4)
  4 jellies (D:6)
  5 wights
  2 hounds
  A goliath beetle (D:7)
  Dowan (D:6)
  2 orc priests
  A giant frog skeleton (D:7)
  10 orc wizards
  Natasha (thrice) (D:5)
  4 worker ants
  An iguana (D:5)
  Ijyb (D:4)
  Jessica (D:3)
  An ogre skeleton (D:5)
  8 adders
  11 gnolls
  A scorpion zombie (D:6)
  An inept item mimic (D:3)
  2 worms
  4 giant geckos
  An ooze (D:1)
  16 orcs
  4 giant cockroaches
  12 goblins
  15 hobgoblins
  3 jackals (D:2)
  62 kobolds
  5 quokkas
  3 ball pythons
  8 bats
  9 giant newts
  A hobgoblin skeleton (D:4)
  12 rats
  A rat skeleton (D:5)
232 creatures vanquished.

Vanquished Creatures (others)
  An adder (D:7)
1 creature vanquished.

Grand Total: 233 creatures vanquished

Notes
Turn   | Place    | Note
--------------------------------------------------------------
     0 | D:1      | Duskembrace, the Spriggan Enchanter, began the quest for the Orb.
     0 | D:1      | Reached XP level 1. HP: 9/9 MP: 4/4
    95 | D:1      | Reached skill level 4 in Hexes
   434 | D:1      | Reached XP level 2. HP: 2/13 MP: 5/7
   450 | D:1      | Learned a level 2 spell: Ensorcelled Hibernation
  1336 | D:1      | Reached XP level 3. HP: 13/16 MP: 4/11
  1444 | D:1      | Found a deep blue altar of Sif Muna.
  1828 | D:2      | Reached XP level 4. HP: 21/21 MP: 11/14
  1834 | D:2      | Learned a level 3 spell: Confuse
  1837 | D:2      | Learned a level 2 spell: Sure Blade
  2450 | D:2      | Reached skill level 5 in Hexes
  2588 | D:3      | Reached XP level 5. HP: 24/24 MP: 10/18
  2979 | D:3      | Reached skill level 5 in Stealth
  3413 | D:3      | Noticed a big kobold
  3453 | D:3      | Killed a big kobold
  3453 | D:3      | Reached skill level 6 in Stealth
  3453 | D:3      | Reached XP level 6. HP: 10/28 MP: 13/20
  3654 | D:3      | Noticed a big kobold
  3657 | D:3      | Killed a big kobold
  4162 | D:3      | Noticed a big kobold
  4165 | D:3      | Noticed a big kobold
  4186 | D:3      | Killed a big kobold
  4186 | D:3      | Reached skill level 7 in Stealth
  4186 | D:3      | Reached skill level 5 in Spellcasting
  4208 | D:3      | Killed a big kobold
  4208 | D:3      | Reached XP level 7. HP: 18/32 MP: 11/22
  4237 | D:3      | Noticed a big kobold
  4458 | D:3      | Killed a big kobold
  4458 | D:3      | Reached skill level 8 in Stealth
  4727 | D:3      | Noticed Jessica
  4748 | D:3      | Killed Jessica
  4979 | D:4      | Noticed Blork the orc
  5348 | D:4      | Killed Blork the orc
  5755 | D:4      | Noticed Ijyb
  5804 | D:4      | Killed Ijyb
  6307 | D:5      | Entered Level 5 of the Dungeon
  6370 | D:5      | Noticed Edmund
  6372 | D:5      | Noticed Natasha
  6585 | D:5      | Reached XP level 8. HP: 36/36 MP: 22/25
  6599 | D:5      | Killed Natasha
  6611 | D:5      | Learned a level 6 spell: Invisibility
  6650 | D:5      | Killed Edmund
  6682 | D:5      | Found a radiant altar of Vehumet.
  7325 | D:6      | Found Staceeg's Armour Shop.
  7330 | D:6      | Bought a +0 robe of fire resistance for 107 gold pieces
  7330 | D:6      | Bought a +1 hat for 126 gold pieces
  7551 | D:6      | Reached skill level 9 in Hexes
  7606 | D:6      | Noticed Dowan
  7608 | D:6      | Noticed Duvessa
  7820 | D:5      | Noticed Eustachio
  7829 | D:5      | Killed Eustachio
  7886 | D:5      | Noticed Natasha
  7896 | D:5      | Killed Natasha
  8247 | D:5      | Noticed Natasha
  8254 | D:5      | Killed Natasha
  8309 | D:5      | Reached XP level 9. HP: 16/39 MP: 24/29
  8709 | D:6      | Killed Dowan
  8908 | D:6      | Killed Duvessa
  9484 | D:7      | Noticed Pikel
  9758 | D:7      | Noticed Tabbeli's ghost (experienced DsGl)
  9982 | D:7      | Killed Pikel
  9982 | D:7      | Reached skill level 10 in Spellcasting
  9982 | D:7      | Reached skill level 10 in Hexes
 10050 | D:7      | Found a staircase to the Ecumenical Temple.
 10056 | Temple   | Entered the Ecumenical Temple
 10131 | Temple   | Became a worshipper of Warmaster Okawaru
 10181 | D:7      | Found Khugritecui's Gadget Shop.
 10331 | D:7      | Reached skill level 5 in Dodging
 10565 | D:7      | Found Maacuk's Gadget Shop.
 10625 | D:7      | Found Qauxaidgh's Armour Boutique.
 10666 | D:7      | Slain by a crocodile

Action                   |  1- 3 |  4- 6 |  7- 9 || total
-------------------------+-------+-------+-------++-------
Melee: Dagger            |   112 |   251 |   365 ||   728
       Short sword       |       |       |    94 ||    94
       Cutlass           |       |       |     2 ||     2
 Cast: Corona            |    21 |     1 |     1 ||    23
       Ensorcelled Hiber |    13 |    36 |    80 ||   129
       Confuse           |       |     7 |    73 ||    80
       Sure Blade        |       |       |     2 ||     2
  Use: Scroll            |       |       |     7 ||     7
       Potion            |       |       |     2 ||     2
 Stab: Sleeping          |     9 |    36 |    56 ||   101
       Confused          |       |     4 |    29 ||    33
       Distracted        |       |     1 |     3 ||     4
